 Dungeon Crawl Stone Soup version 0.25.0-11-g1f837a76a1 (webtiles) character file.

Game seed: 5393027055212471085

56353 Delamore the Bludgeoner (level 14, 0/96 HPs)
             Began as a Gargoyle Fighter on June 24, 2020.
             Was the Champion of Okawaru.
             Slain by an orc warrior
             ... wielding a +0 dire flail
              (26 damage)
             ... on level 1 of the Orcish Mines.
             The game lasted 00:27:46 (23619 turns).

Delamore the Bludgeoner (Gargoyle Fighter)         Turns: 23619, Time: 00:27:47

Health: 0/96       AC: 30    Str: 31    XL:     14   Next: 81%
Magic:  14/14      EV:  7    Int:  9    God:    Okawaru [******]
Gold:   1649       SH:  8    Dex:  9    Spells: 13/13 levels left

rFire    + + .     SeeInvis .   X - +3 eveningstar (flame)
rCold    . . .     Gourm    .   y - +1 buckler {reflect}
rNeg     + + .     Faith    .   O - +0 plate armour {rF+}
rPois    ∞         Spirit   .   h - +2 helmet
rElec    +         Reflect  +   D - +2 cloak
rCorr    .         Harm     .   s - +0 pair of gloves (curse)
MR       ++++.     Clarity  +   K - +0 pair of boots
Stlth    ..........             H - amulet of the Four Winds {rN+ MR+++ Clar}
HPRegen  0.26/turn              B - ring of protection from fire
MPRegen  0.14/turn              b - +6 ring of strength

@: no status effects
A: big wings, negative energy resistance 1, electricity resistance, unbreathing,
petrification resistance, rot immunity, AC +10
a: Fly, Heroism, Finesse, Renounce Religion


You were on level 1 of the Orcish Mines.
You worshipped Okawaru.
Okawaru was exalted by your worship.
You were very hungry.

You visited 4 branches of the dungeon, and saw 20 of its levels.

You collected 1819 gold pieces.
You spent 170 gold pieces at shops.

Inventory:

Hand Weapons
 I - a +0 demon whip of freezing
 M - a +4 eveningstar of holy wrath
 X - a +3 eveningstar of flaming (weapon)
Missiles
 j - 9 curare-tipped darts
 r - 2 throwing nets (quivered)
 C - 5 atropa-tipped darts
Armour
 c - a +0 kite shield
 h - a +2 helmet (worn)
 s - a cursed +0 pair of gloves (worn)
 y - a +1 buckler of reflection (worn)
 D - a +2 cloak (worn)
 K - a +0 pair of boots (worn)
 O - a +0 plate armour of fire resistance (worn)
Jewellery
 a - an uncursed ring of stealth
 b - a +6 ring of strength (right hand)
 B - a ring of protection from fire (left hand)
 H - the amulet of the Four Winds (around neck) {rN+ MR+++ Clar}
   (You found it on level 8 of the Dungeon)

   [amulet of nothing]

   It protects you from negative energy.
   It affects your resistance to hostile enchantments.
   It protects you against confusion.
 J - an uncursed ring of protection from magic
Wands
 p - a wand of enslavement (10)
 F - a wand of acid (10)
 N - a wand of paralysis (6)
 P - a wand of clouds (3)
 T - a wand of disintegration (15)
Scrolls
 e - a scroll of identify
 g - 7 scrolls of enchant armour
 k - 16 scrolls of teleportation
 l - 6 scrolls of blinking
 A - 5 scrolls of remove curse
 E - 3 scrolls of fog
 G - a scroll of magic mapping
 Q - a scroll of immolation
 U - a scroll of enchant weapon
Potions
 d - 2 potions of might
 i - a potion of mutation
 q - 4 potions of curing
 u - 3 potions of stabbing
 z - 3 potions of resistance
 R - 3 potions of lignification
 S - 2 potions of brilliance
 W - a potion of magic
 Y - a potion of cancellation
Miscellaneous
 m - a lightning rod (4/4)
Comestibles
 f - 36 rations


   Skills:
 + Level 14.8 Fighting
 - Level 16.1 Maces & Flails
 - Level 3.2 Armour
 + Level 14.8 Shields


You had 13 spell levels left.
You didn't know any spells.
Your spell library contained the following spells:

 Spells                   Type           Power        Failure   Level  Hunger
 Apportation              Tloc           #.....       99%         1    ##.....
 Foxfire                  Conj/Fire      #...         99%         1    ##.....
 Freeze                   Ice            #...         99%         1    ##.....
 Summon Butterflies       Summ           #.......     99%         1    ##.....
 Conjure Flame            Conj/Fire      #.......     100%        3    ####...
 Frozen Ramparts          Ice            #.....       100%        3    ####...
 Inner Flame              Hex/Fire       #.......     100%        3    ####...
 Lesser Beckoning         Tloc           #.........   100%        3    ####...
 Ozocubu's Armour         Chrm/Ice       #.......     100%        3    ####...
 Tukima's Dance           Hex            #.......     100%        3    ####...
 Hailstorm                Conj/Ice       #.......     100%        4    #####..
 Sticky Flame             Conj/Fire      #.......     100%        4    #####..
 Summon Ice Beast         Ice/Summ       #.......     100%        4    #####..
 Alistair's Intoxication  Tmut/Pois      #.......     100%        5    ######.
 Fireball                 Conj/Fire      #.........   100%        5    ######.
 Irradiate                Conj/Tmut      #.........   100%        5    ######.
 Hydra Form               Tmut           #.........   100%        6    #######
 Invisibility             Hex            #.......     100%        6    #######
 Dragon Form              Tmut           #.........   100%        7    #######
 Statue Form              Tmut/Erth      Unusable     N/A         6    N/A

Dungeon Overview and Level Annotations

Branches:
Dungeon (11/15)            Temple (1/1) D:7            Lair (6/6) D:10
  Swamp (0/4) Lair:3       Spider (0/4) Lair:4        Slime (0/5) Lair:6
    Orc (2/2) D:11            Elf (0/3) Orc:2

Altars:
Ashenzari
Cheibriados
Dithmenos
Elyvilon
Fedhas
Gozag
Hepliaklqana
Kikubaaqudgha
Makhleb
Nemelex Xobeh
Okawaru
Qazlal
Ru
Sif Muna
Trog
Uskayaw
Vehumet
Wu Jian
Xom
Yredelemnul
Zin
The Shining One
Beogh
Jiyva

Shops:
D:8 *:*(*   D:10 ?


Innate Abilities, Weirdness & Mutations

You are resistant to torment.
Your stone body is resilient. (AC +10)
You are immune to poison.
Your large and strong wings let you fly indefinitely.
You resist negative energy. (rN+)
You are resistant to electric shocks. (rElec)
You can survive without breathing.
You are immune to petrification.
You are immune to rotting.


Message History

Your +3 eveningstar of flaming bursts into flame!
X - a +3 eveningstar of flaming (weapon)
You catch the helpless orc knight completely off-guard!
You hit the orc knight but do no damage.
The orc knight is lightly wounded.
The orc knight roars a battlecry!
The orc warrior goes into a battle-frenzy!
The orc knight struggles against the net.
You catch the helpless orc knight completely off-guard!
You impale the orc knight!! You burn the orc knight!
The orc knight is severely wounded.
You thump the orc knight! You burn the orc knight.
The orc knight is almost dead.
You catch the helpless orc knight completely off-guard!
You bludgeon the orc knight!! You burn the orc knight.
You kill the orc knight!
Okawaru accepts your kill.
You hit the orc warrior but do no damage.
The orc warrior hits you with a +0 dire flail!!
You die...

##.....#............
#...................
#.......((...[.[....
##...........[>[....
#......).....[[[..#.
##.#................
##...#.............
##.o).#......)).....
#..@.........[......
##.##........[......
####............[..
###.#...........)
##..............[[
#^.............#.#
##.###.#......#...
### ###.........#
#.........#


You could see an orc warrior (strong).

Vanquished Creatures
  Gastronok (Orc:1)
  An orc warlord (Orc:1)
  A fire dragon (Lair:6)
  Josephine (Orc:1)
  Fannar (Lair:3)
  8 hydras
  Harold (Orc:1)
  2 death yaks
  Sonja (Lair:4)
  An orc high priest (Orc:2)
  Urug (Lair:2)
  A lindwurm (Lair:6)
  3 orc knights
  3 orc sorcerers
  4 oklob plants
  A cyclops (D:11)
  A manticore (D:11)
  10 elephants
  5 black mambas
  10 spiny frogs
  A gargoyle (D:9)
  2 molten gargoyles (Lair:6)
  Maggie (D:7)
  11 komodo dragons
  A torpor snail (Lair:2)
  5 rime drakes
  Grinder (D:5)
  A tyrant leech (Lair:3)
  A polar bear (Lair:5)
  3 jumping spiders (Lair:4)
  A hornet (D:11)
  3 slime creatures
  2 dream sheep (D:8)
  5 hippogriffs
  9 blink frogs
  A redback (Lair:4)
  A vampire (D:9)
  27 yaks
  4 wyverns
  Grum (D:8)
  4 fire bats (D:11)
  5 wraiths (Orc:1)
  5 basilisks (Lair:6)
  2 steam dragons
  2 hungry ghosts
  4 wargs
  A soldier ant (D:11)
  6 hell hounds
  8 porcupines
  7 water moccasins
  11 orc warriors
  5 sky beasts
  5 black bears
  7 ogres
  A phantom (D:5)
  12 wolves
  8 centaurs
  7 crocodiles
  7 big kobolds
  13 bullfrogs
  A wyvern zombie (D:11)
  A wyvern skeleton (D:10)
  A water moccasin skeleton (D:7)
  3 killer bees (D:10)
  2 scorpions
  An electric eel (Lair:4)
  6 howler monkeys
  10 crimson imps
  5 jellies
  7 lava snakes
  9 orc priests
  A centaur zombie (D:7)
  4 hounds
  Crazy Yiuf (D:7)
  A bullfrog skeleton (D:7)
  7 iguanas
  19 orc wizards
  14 worker ants
  A howler monkey zombie (D:7)
  4 gnolls (D:3)
  12 adders
  A river rat (D:10)
  8 shadow imps
  10 oozes
  An adder skeleton (D:8)
  An adder zombie (D:7)
  4 worms
  2 dart slugs (D:2)
  5 leopard geckos
  47 orcs
  3 giant cockroaches
  8 goblins
  3 hobgoblins
  11 jackals
  22 kobolds
  8 quokkas
  3 bats
  8 frilled lizards
  A jackal skeleton (D:4)
  A leopard gecko skeleton (D:4)
  A quokka zombie (D:9)
  12 rats
  2 fire vortices (D:11)
  A plant (Lair:2)
531 creatures vanquished.

Vanquished Creatures (collateral kills)
  A floating eye (Lair:2)
1 creature vanquished.

Vanquished Creatures (others)
  A fire vortex (D:11)
  11 fungi
  2 plants
  11 toadstools (D:6)
25 creatures vanquished.

Grand Total: 557 creatures vanquished

Notes
Turn   | Place    | Note
-------+----------+-------------------------------------------
     0 | D:1      | Delamore the Gargoyle Fighter began the quest for the Orb.
     0 | D:1      | Reached XP level 1. HP: 14/14 MP: 1/1
   113 | D:1      | Reached XP level 2. HP: 19/19 MP: 2/2
   447 | D:1      | Reached skill level 3 in Maces & Flails
   954 | D:2      | Noticed an ogre
   961 | D:2      | Killed an ogre
   961 | D:2      | Reached skill level 4 in Maces & Flails
   961 | D:2      | Reached XP level 3. HP: 23/23 MP: 3/3
   961 | D:2      | Reached XP level 4. HP: 28/28 MP: 4/4
   977 | D:2      | Reached skill level 5 in Maces & Flails
   977 | D:2      | Reached XP level 5. HP: 32/32 MP: 5/5
  1262 | D:2      | Found a snail-covered altar of Cheibriados.
  2043 | D:3      | Reached skill level 6 in Maces & Flails
  2043 | D:3      | Reached XP level 6. HP: 37/37 MP: 6/6
  2948 | D:4      | Reached skill level 7 in Maces & Flails
  3005 | D:4      | Reached XP level 7. HP: 41/41 MP: 7/7
  3110 | D:4      | Reached skill level 8 in Maces & Flails
  3658 | D:5      | Entered Level 5 of the Dungeon
  4059 | D:5      | Noticed a hippogriff
  4072 | D:5      | Killed a hippogriff
  4072 | D:5      | Reached skill level 9 in Maces & Flails
  4072 | D:5      | Reached XP level 8. HP: 35/46 MP: 8/8
  4303 | D:5      | Found a shadowy altar of Dithmenos.
  4380 | D:5      | Noticed Grinder
  4393 | D:5      | Reached skill level 10 in Maces & Flails
  4412 | D:5      | Killed Grinder
  4675 | D:5      | Reached skill level 11 in Maces & Flails
  4757 | D:5      | Reached XP level 9. HP: 51/51 MP: 9/9
  5260 | D:6      | Reached skill level 12 in Maces & Flails
  6085 | D:6      | Reached skill level 13 in Maces & Flails
  6370 | D:7      | Reached XP level 10. HP: 54/56 MP: 10/10
  6605 | D:7      | Found a staircase to the Ecumenical Temple.
  6617 | Temple   | Entered the Ecumenical Temple
  6871 | Temple   | Became a worshipper of Warmaster Okawaru
  6946 | D:7      | Found a runed translucent door.
  6947 | D:7      | Noticed Crazy Yiuf
  7068 | D:7      | Noticed Maggie
  7105 | D:7      | Killed Maggie
  7679 | D:6      | Reached skill level 14 in Maces & Flails
  7787 | D:7      | Killed Crazy Yiuf
  7825 | D:8      | Noticed Grum
  8254 | D:8      | Killed Grum
  8268 | D:8      | Found Xeull's General Store.
  8310 | D:8      | Bought a scroll of teleportation for 33 gold pieces
  8322 | D:8      | Found Hodupsett's Book Shop.
  8471 | D:8      | Found Baut's General Store.
  8480 | D:8      | Bought a scroll of magic mapping for 42 gold pieces
  8549 | D:8      | Found the amulet of the Four Winds {rN+ MR+++ Clar}
  8579 | D:8      | Reached * piety under Okawaru
  8813 | D:8      | Found Istics's Antique Weapon Emporium.
  8840 | D:8      | Found Vuacw's Assorted Antiques.
  8843 | D:8      | Bought a scroll labeled IPNAIG GYGUABBAHID for 30 gold
                  | pieces
  8961 | D:8      | Reached skill level 15 in Maces & Flails
  9157 | D:8      | Noticed a two-headed hydra
  9170 | D:8      | Killed a two-headed hydra
  9170 | D:8      | Reached ** piety under Okawaru
  9393 | D:9      | Reached XP level 11. HP: 60/60 MP: 11/11
 10017 | D:9      | Reached skill level 16 in Maces & Flails
 10290 | D:9      | Reached *** piety under Okawaru
 10933 | D:10     | Entered Level 10 of the Dungeon
 10959 | D:10     | Noticed a death yak
 10960 | D:10     | Noticed a death yak
 10961 | D:10     | Noticed a death yak
 10962 | D:10     | Found a staircase to the Lair.
 11047 | D:8      | Killed a death yak
 11328 | D:10     | Killed a death yak
 11332 | D:10     | Reached **** piety under Okawaru
 11881 | D:10     | Reached skill level 5 in Fighting
 11881 | D:10     | Reached skill level 5 in Shields
 12342 | D:10     | Found Doukash's Magic Scroll Boutique.
 12347 | D:10     | Bought a scroll of identify for 26 gold pieces
 12347 | D:10     | Bought a scroll of random uselessness for 13 gold pieces
 12347 | D:10     | Bought a scroll of identify for 26 gold pieces
 12347 | D:10     | Identified a scroll of acquirement
 12457 | D:11     | Found a staircase to the Orcish Mines.
 12464 | D:11     | Noticed a cyclops
 12474 | D:11     | Killed a cyclops
 12576 | D:11     | Noticed a manticore
 12588 | D:11     | Killed a manticore
 12970 | D:11     | Reached ***** piety under Okawaru
 13158 | D:11     | Reached XP level 12. HP: 53/72 MP: 12/12
 13520 | D:11     | Noticed a four-headed hydra
 13531 | D:11     | Killed a four-headed hydra
 13777 | Lair:1   | Entered Level 1 of the Lair of Beasts
 14621 | Lair:2   | Noticed Urug
 14630 | Lair:2   | Killed Urug
 15027 | Lair:2   | Reached ****** piety under Okawaru
 15385 | Lair:2   | Received a gift from Okawaru
 15849 | Lair:3   | Reached skill level 10 in Fighting
 15849 | Lair:3   | Reached skill level 10 in Shields
 16037 | Lair:3   | Reached XP level 13. HP: 40/83 MP: 13/13
 16331 | Lair:3   | Noticed Fannar
 16342 | Lair:3   | Killed Fannar
 16622 | Lair:3   | Found a staircase to the Swamp.
 17198 | Lair:4   | Found a hole to the Spider Nest.
 17446 | Lair:4   | Received a gift from Okawaru
 17696 | Lair:4   | Noticed Sonja
 17709 | Lair:4   | Killed Sonja
 18995 | Lair:5   | Found the +4 skin of Zhor {Englaciate rC+++ SInv}
 19252 | Lair:5   | Received a gift from Okawaru
 19580 | Lair:5   | Gained mutation: Your large and strong wings let you fly
                  | indefinitely. [Gargoyle growth]
 19580 | Lair:5   | Reached XP level 14. HP: 78/94 MP: 14/14
 19904 | Lair:6   | Entered Level 6 of the Lair of Beasts
 19908 | Lair:6   | Found a viscous altar of Jiyva.
 19910 | Lair:6   | Found a staircase to the Slime Pits.
 19925 | Lair:6   | Identified the +0 leather armour of Temperance {Harm rElec
                  | Dex+2 Slay+3} (You found it on level 6 of the Lair of
                  | Beasts)
 20011 | Lair:6   | Found a shadowy altar of Dithmenos.
 20518 | Lair:6   | Received a gift from Okawaru
 21139 | Lair:6   | Found a large runed translucent door.
 21140 | Lair:6   | Found a large runed translucent door.
 21639 | Orc:1    | Entered Level 1 of the Orcish Mines
 21645 | Orc:1    | Noticed Harold
 21657 | Orc:1    | Killed Harold
 21663 | Orc:1    | Noticed Gastronok
 21680 | Orc:1    | Killed Gastronok
 21922 | Orc:1    | Noticed Josephine
 21934 | Orc:1    | Killed Josephine
 22096 | Orc:2    | Entered Level 2 of the Orcish Mines
 22096 | Orc:2    | Found a staircase to the Elven Halls.
 22225 | Orc:2    | Found a roughly hewn altar of Beogh.
 22739 | Orc:2    | Noticed an orc warlord
 23224 | Orc:1    | Killed an orc warlord
 23582 | Orc:1    | HP: 2/96 [orc warrior/+0 dire flail (25)]
 23619 | Orc:1    | Slain by an orc warrior

Illustrated notes

Levels and vault maps discovered:
D:1:      sevenhm_arrival_forest_fort_small_4, layout_basic
D:2:      layout_basic, kennysheep_slug_shrine
D:3:      layout_loops_ring, first_ration
D:4:      layout_layer_cave
D:5:      layout_basic, zaba_anthole, grunt_dithmenos_shadows, uniq_grinder
D:6:      cheibrodos_fertilizer, layout_basic
D:7:      layout_basic, minmay_temple_entry_hall, uniq_crazy_yiuf_cottage,
          uniq_maggie
D:8:      layout_cave_pools, serial_shops, nicolae_shop_window_shopping,
          kennysheep_mini, shop, shop, shop, hangedman_ranch
          [blue_anna_fruit_fields], uniq_grum
D:9:      minmay_distorted_concentric_squares, layout_basic
D:10:     layout_cave_pods, dpeg_lair_monsters, serial_shops,
          kennysheep_little_box
D:11:     layout_basic, orc_0_dummy, hangedman_incinerator
Temple:   nicolae_temple_the_god_donut
Lair:1:   layout_regular_city, lemuel_fruit_tree
Lair:2:   layout_hall_layers, disabler_island, uniq_urug
Lair:3:   layout_loops_ring, palyth_hydra_swamp_entry, grunt_megastairs_1,
          uniq_fannar
Lair:4:   layout_roguey, spider_nest_entry_a, lookout_lair_type,
          serial_bayou_shore_a, lemuel_fruit_fields, uniq_sonja
Lair:5:   layout_misc_corridors
Lair:6:   cheibrodos_lair_end_hotspot, layout_misc_corridors, slime_altar_1,
          lemuel_oklob_altar
Orc:1:    layout_caves, mines3_lemuel, uniq_harold, uniq_josephine,
          uniq_gastronok
Orc:2:    st_orc_congregation, layout_caves, basic_altar

Skill      XL: |  1  2  3  4  5  6  7  8  9 10 11 12 13 14 |
---------------+-------------------------------------------+-----
Maces & Flails | 4 5 6 7 9 11 13 15 16 | 16.1
Fighting       | 7 10 13 14 | 14.8
Shields        | 7 10 13 14 | 14.8
Armour         | |  3.2

Action                   |  1- 3 |  4- 6 |  7- 9 | 10-12 | 13-15 || total
-------------------------+-------+-------+-------+-------+-------++-------
Melee: Flail             |    39 |   240 |    37 |       |       ||   316
       Mace              |       |       |   410 |   597 |       ||  1007
       Morningstar       |       |       |       |   145 |       ||   145
       Eveningstar       |       |       |       |   326 |   403 ||   729
       Demon whip        |       |       |       |       |   347 ||   347
Throw: Dart              |     4 |     3 |     7 |     5 |     6 ||    25
       Javelin           |       |       |       |       |    18 ||    18
       Throwing net      |       |       |       |       |     2 ||     2
Invok: Heroism           |       |       |       |       |     1 ||     1
       Finesse           |       |       |       |       |     1 ||     1
Evoke: Box of beasts     |       |       |       |     2 |       ||     2
  Use: Scroll            |       |       |     6 |    18 |    11 ||    35
       Potion            |       |       |       |     1 |     8 ||     9
 Stab: Sleeping          |       |       |       |     1 |       ||     1
       Held in net/web   |       |       |       |       |     3 ||     3
  Eat: Chunk             |       |     7 |    11 |    28 |    20 ||    66
       Ration            |       |       |       |     2 |     1 ||     3
Armor: Scale mail        |    17 |   189 |   281 |    37 |       ||   524
       Steam dragon scal |       |       |       |   466 |       ||   466
       Plate armour      |       |       |       |    95 |   536 ||   631
Dodge: Dodged            |    11 |    98 |   109 |   272 |   241 ||   731
Block: Kite shield       |    17 |   142 |   198 |   439 |       ||   796
       Buckler           |       |       |       |    18 |   276 ||   294
       Reflection        |       |       |       |       |     9 ||     9
